MLB
BALTIMORE ORIOLES @ MINNESOTA TWINS
07/27/2023
 
TOP OF THE 1ST
Baltimore Orioles batting - Pitching for Minnesota Twins : RHP Jameson Taillon
Pitching: RHP Jameson Taillon
Batting: RHB Vaughn Grissom 0-0: Ball
1-0: Ball
2-0: Foul Ball, location: 3F
2-1: SINGLE (Line Drive, 7LS, EV 97.5 MPH)
Batting: LHB Masataka Yoshida 0-0: Ball
1-0: Foul Ball, location: 25FF
1-1: Ball
2-1: Ball
3-1: Called Strike
3-2: Fly out, F9 (Line Drive, 9, EV 91.9 MPH)
Batting: RHB Trevor Story 0-0: Foul Ball, location: 9LMF
0-1: Fly out, F8 (Flyball, 8RD, EV 98.8 MPH)
Batting: LHB Oscar Colas 0-0: Ball
1-0: Ball
2-0: Foul Ball, location: 2F
2-1: Ground out 6-3 (Groundball, P, EV 89.4 MPH)
Top of the 1st over - 0 runs, 1 hit, 0 errors, 1 left on base; Baltimore 0 - Minnesota 0
BOTTOM OF THE 1ST
Minnesota Twins batting - Pitching for Baltimore Orioles : RHP Michael Wacha
Pitching: RHP Michael Wacha
Batting: SHB Adalberto Mondesi 0-0: Bunt for hit to 23 - play at first, batter safe!
Batting: RHB Christian Arroyo 0-0: Called Strike
0-1: Ball
Adalberto Mondesi is caught stealing 2nd base 2-4
1-1: Fly out, F8 (Line Drive, 8LM, EV 99.4 MPH)
Batting: RHB Teoscar Hernandez 0-0: Fly out, F6 (Popup, P, EV 79.4 MPH)
Bottom of the 1st over - 0 runs, 1 hit, 0 errors, 0 left on base; Baltimore 0 - Minnesota 0
TOP OF THE 2ND
Baltimore Orioles batting - Pitching for Minnesota Twins : RHP Jameson Taillon
Batting: RHB Nick Castellanos 0-0: Fly out, F8 (Line Drive, 78M, EV 85.0 MPH)
Batting: RHB Andrew McCutchen 0-0: Fly out, F9 (Flyball, 89M, EV 75.0 MPH)
Batting: RHB Brenton Doyle 0-0: Ball
1-0: Called Strike
1-1: Foul Ball, location: 3FF
1-2: Strikes out swinging
Top of the 2nd over - 0 runs, 0 hits, 0 errors, 0 left on base; Baltimore 0 - Minnesota 0
BOTTOM OF THE 2ND
Minnesota Twins batting - Pitching for Baltimore Orioles : RHP Michael Wacha
Batting: LHB Joey Gallo 0-0: Ball
1-0: Ball
2-0: Called Strike
2-1: Ball
3-1: Base on Balls
Batting: RHB Ty France 0-0: Ball
1-0: Fielders Choice at 2nd, 6-4 (Groundball, 6, EV 84.4 MPH)
Batting: RHB Ryan Mountcastle 0-0: Ball
1-0: Swinging Strike
1-1: Fly out, F7 (Flyball, 78M, EV 96.3 MPH)
Batting: LHB Kerry Carpenter 0-0: Ball
1-0: Foul Ball, location: 7LDF
1-1: Ball
2-1: Called Strike
2-2: Ball
3-2: Foul Ball, location: 2F
3-2: Base on Balls
Ty France to second
Batting: RHB Royce Lewis 0-0: Ball
1-0: Called Strike
1-1: Ball
2-1: Ball
3-1: SINGLE (Line Drive, 6MD, EV 105.0 MPH)
Ty France to third
Kerry Carpenter to second
Runner from 3rd tries for Home, SAFE, throw by CF to home
Batting: RHB Gary Sanchez 0-0: Fielders Choice at 2nd, 6-4 (Groundball, 6, EV 106.9 MPH)
Bottom of the 2nd over - 1 run, 1 hit, 0 errors, 2 left on base; Baltimore 0 - Minnesota 1
TOP OF THE 3RD
Baltimore Orioles batting - Pitching for Minnesota Twins : RHP Jameson Taillon
Batting: RHB Eguy Rosario 0-0: Called Strike
0-1: Ball
1-1: Ground out 5-3 (Groundball, 56, EV 99.4 MPH)
Batting: RHB Jose Trevino 0-0: Called Strike
0-1: Ball
1-1: Ball
2-1: Called Strike
2-2: Fly out, F9 (Flyball, 9, EV 91.3 MPH)
Batting: RHB Vaughn Grissom 0-0: Foul Ball, location: 2F
0-1: Foul Ball, location: 9LMF
0-2: Ball
1-2: Ball
2-2: Ground out 5-3 (Groundball, 5, EV 81.3 MPH)
Top of the 3rd over - 0 runs, 0 hits, 0 errors, 0 left on base; Baltimore 0 - Minnesota 1
BOTTOM OF THE 3RD
Minnesota Twins batting - Pitching for Baltimore Orioles : RHP Michael Wacha
Batting: SHB Adalberto Mondesi 0-0: Ball
1-0: Called Strike
1-1: Ball
2-1: Swinging Strike
2-2: Foul Ball, location: 5DF
2-2: Fly out, F8 (Flyball, 8RM, EV 81.3 MPH)
Batting: RHB Christian Arroyo 0-0: Called Strike
0-1: Swinging Strike
0-2: Ball
1-2: Foul Ball, location: 5F
1-2: Foul Ball, location: 23F
1-2: Ground out 3-1 (Groundball, 34, EV 102.5 MPH)
Batting: RHB Teoscar Hernandez 0-0: Called Strike
0-1: Fly out, F8 (Line Drive, 8LD, EV 102.5 MPH)
Bottom of the 3rd over - 0 runs, 0 hits, 0 errors, 0 left on base; Baltimore 0 - Minnesota 1
TOP OF THE 4TH
Baltimore Orioles batting - Pitching for Minnesota Twins : RHP Jameson Taillon
Batting: LHB Masataka Yoshida 0-0: Called Strike
0-1: Ball
1-1: Fly out, F6 (Line Drive, 56D, EV 70.0 MPH)
Batting: RHB Trevor Story 0-0: Ball
1-0: Foul Ball, location: 23FF
1-1: Ball
2-1: Called Strike
2-2: Foul Ball, location: 2F
2-2: Strikes out swinging
Batting: LHB Oscar Colas 0-0: Fly out, F6 (Popup, 6MD, EV 70.0 MPH)
Top of the 4th over - 0 runs, 0 hits, 0 errors, 0 left on base; Baltimore 0 - Minnesota 1
BOTTOM OF THE 4TH
Minnesota Twins batting - Pitching for Baltimore Orioles : RHP Michael Wacha
Batting: LHB Joey Gallo 0-0: Swinging Strike
0-1: Called Strike
0-2: Foul Ball, location: 2F
0-2: Ball
1-2: Strikes out looking
Batting: RHB Ty France 0-0: Ball
1-0: Called Strike
1-1: Ball
2-1: Ground out 6-3 (Groundball, 6, EV 102.5 MPH)
Batting: RHB Ryan Mountcastle 0-0: Swinging Strike
0-1: Called Strike
0-2: Foul Ball, location: 9LDF
0-2: Ball
1-2: Ball
2-2: Strikes out swinging
Bottom of the 4th over - 0 runs, 0 hits, 0 errors, 0 left on base; Baltimore 0 - Minnesota 1
TOP OF THE 5TH
Baltimore Orioles batting - Pitching for Minnesota Twins : RHP Jameson Taillon
Batting: RHB Nick Castellanos 0-0: Ball
1-0: Ball
2-0: Swinging Strike
2-1: Fly out, F8 (Flyball, 8LM, EV 85.6 MPH)
Batting: RHB Andrew McCutchen 0-0: Swinging Strike
0-1: Swinging Strike
0-2: Strikes out swinging
Batting: RHB Brenton Doyle 0-0: Called Strike
0-1: Foul Ball, location: 2F
0-2: Foul Ball, location: 2F
0-2: Ball
1-2: SINGLE (Groundball, 34D, EV 102.5 MPH)
Batting: RHB Eguy Rosario 0-0: Called Strike
0-1: Ground out 4-3 (Groundball, 34, EV 84.4 MPH)
Top of the 5th over - 0 runs, 1 hit, 0 errors, 1 left on base; Baltimore 0 - Minnesota 1
BOTTOM OF THE 5TH
Minnesota Twins batting - Pitching for Baltimore Orioles : RHP Michael Wacha
Batting: LHB Kerry Carpenter 0-0: Ball
1-0: Ball
2-0: SINGLE (Line Drive, 89M, EV 97.5 MPH)
Batting: RHB Royce Lewis 0-0: Fielders Choice at 2nd, 1-6 (Groundball, 13S, EV 65.0 MPH)
Batting: RHB Gary Sanchez 0-0: Ball
1-0: SINGLE (Line Drive, 78M, EV 91.9 MPH)
Royce Lewis to second
Batting: SHB Adalberto Mondesi 0-0: Bunted foul
0-1: Ball
1-1: Swinging Strike
1-2: Foul Ball, location: 7LSF
1-2: Strikes out swinging
Batting: RHB Christian Arroyo 0-0: Ball
1-0: Fly out, F7 (Flyball, 7, EV 79.4 MPH)
Bottom of the 5th over - 0 runs, 2 hits, 0 errors, 2 left on base; Baltimore 0 - Minnesota 1
TOP OF THE 6TH
Baltimore Orioles batting - Pitching for Minnesota Twins : RHP Jameson Taillon
Batting: RHB Jose Trevino 0-0: Ball
1-0: DOUBLE (Line Drive, 78XD, EV 102.5 MPH)
Batting: RHB Vaughn Grissom 0-0: Ball
1-0: Called Strike
1-1: Swinging Strike
1-2: Foul Ball, location: 9LSF
1-2: Fly out, F4 (Line Drive, 4D, EV 62.5 MPH)
Batting: LHB Masataka Yoshida 0-0: SINGLE (Line Drive, 56D, EV 105.0 MPH)
Jose Trevino to third
Runner from 3rd tries for Home, SAFE, throw by LF to home
Batting: RHB Trevor Story 0-0: Ball
1-0: Called Strike
1-1: Fly out, F8 (Flyball, 8LD, EV 76.3 MPH)
Batting: LHB Oscar Colas 0-0: Ball
1-0: Called Strike
1-1: Ground out U3 (Groundball, 3, EV 103.8 MPH)
Top of the 6th over - 1 run, 2 hits, 0 errors, 1 left on base; Baltimore 1 - Minnesota 1
BOTTOM OF THE 6TH
Minnesota Twins batting - Pitching for Baltimore Orioles : RHP Michael Wacha
Batting: RHB Teoscar Hernandez 0-0: Ball
1-0: Fly out, F8 (Flyball, 8RD, EV 101.9 MPH)
Batting: LHB Joey Gallo 0-0: Ball
1-0: SOLO HOME RUN (Flyball, 8RXD, EV 113.1 MPH), Distance : 461 ft
Batting: RHB Ty France 0-0: Called Strike
0-1: Fly out, F9 (Flyball, 89D, EV 107.5 MPH)
Batting: RHB Ryan Mountcastle 0-0: Ball
1-0: Ground out 4-3 (Groundball, 6MD, EV 105.0 MPH)
Bottom of the 6th over - 1 run, 1 hit, 0 errors, 0 left on base; Baltimore 1 - Minnesota 2
TOP OF THE 7TH
Baltimore Orioles batting - Pitching for Minnesota Twins : RHP Jameson Taillon
Batting: RHB Nick Castellanos 0-0: Ball
1-0: Foul Ball, location: 5FF
1-1: Ball
2-1: Fly out, F8 (Flyball, 8RXD, EV 93.1 MPH)
Batting: RHB Andrew McCutchen 0-0: Swinging Strike
0-1: Ball
1-1: Ball
2-1: Swinging Strike
2-2: Ball
3-2: Strikes out looking
Pitching: LHP Jovani Moran
Batting: RHB Brenton Doyle 0-0: Ball
1-0: Ball
2-0: Swinging Strike
2-1: Foul Ball, location: 2F
2-2: Foul Ball, location: 9LDF
2-2: Ball
3-2: Strikes out swinging
Top of the 7th over - 0 runs, 0 hits, 0 errors, 0 left on base; Baltimore 1 - Minnesota 2
BOTTOM OF THE 7TH
Minnesota Twins batting - Pitching for Baltimore Orioles : RHP Michael Wacha
Batting: LHB Kerry Carpenter 0-0: Ball
1-0: Ball
2-0: Swinging Strike
2-1: Called Strike
2-2: Ball
3-2: Foul Ball, location: 7LMF
3-2: Base on Balls
Pitching: RHP Joe Barlow
Batting: RHB Royce Lewis 0-0: Ball
1-0: Fly out, F9 (Line Drive, 9S, EV 98.1 MPH)
Batting: RHB Gary Sanchez 0-0: Ball
1-0: Ball
2-0: Ball
3-0: Called Strike
3-1: Fly out, F3 (Popup, 3F, EV 71.9 MPH)
Batting: SHB Adalberto Mondesi 0-0: Swinging Strike
0-1: Ball
1-1: Ball
2-1: Swinging Strike
2-2: Foul Ball, location: 2F
2-2: Foul Ball, location: 2F
2-2: Ball
3-2: Foul Ball, location: 7LDF
3-2: Foul Ball, location: 2F
3-2: Foul Ball, location: 3FF
3-2: Base on Balls
Kerry Carpenter to second
Batting: RHB Christian Arroyo 0-0: Swinging Strike
0-1: Ball
1-1: Foul Ball, location: 7LDF
1-2: Ground out 4-3 (Groundball, 34, EV 97.5 MPH)
Bottom of the 7th over - 0 runs, 0 hits, 0 errors, 2 left on base; Baltimore 1 - Minnesota 2
TOP OF THE 8TH
Baltimore Orioles batting - Pitching for Minnesota Twins : LHP Jovani Moran
Batting: RHB Eguy Rosario 0-0: Swinging Strike
0-1: Called Strike
0-2: Strikes out swinging
Batting: RHB Jose Trevino 0-0: Foul Ball, location: 2F
0-1: Foul Ball, location: 5DF
0-2: Strikes out swinging
Batting: RHB Vaughn Grissom 0-0: Swinging Strike
0-1: Ground out 5-3 (Groundball, 56S, EV 86.3 MPH)
Top of the 8th over - 0 runs, 0 hits, 0 errors, 0 left on base; Baltimore 1 - Minnesota 2
BOTTOM OF THE 8TH
Minnesota Twins batting - Pitching for Baltimore Orioles : RHP Joe Barlow
Pitching: RHP Lucas Sims
Batting: RHB Teoscar Hernandez 0-0: Ball
1-0: Foul Ball, location: 2F
1-1: Ground out 4-3 (Groundball, 4, EV 87.5 MPH)
Batting: LHB Joey Gallo 0-0: Reached on error, E4 (Groundball, 4, EV 81.9 MPH)
Batting: RHB Ty France 0-0: Ball
1-0: Fielders Choice at 2nd, 4-6 (Groundball, 4MD, EV 96.3 MPH)
Pinch Hitting: LHB Vinnie Pasquantino 0-0: Called Strike
0-1: Called Strike
0-2: Foul Ball, location: 7LSF
0-2: Foul Ball, location: 2F
0-2: Foul Ball, location: 9LMFF
0-2: Ball
1-2: Ground out 4-3 (Groundball, 34S, EV 90.0 MPH)
Bottom of the 8th over - 0 runs, 0 hits, 1 error, 1 left on base; Baltimore 1 - Minnesota 2
TOP OF THE 9TH
Baltimore Orioles batting - Pitching for Minnesota Twins : LHP Jovani Moran
Pitching: RHP Nick Anderson
Now in LF: Teoscar Hernandez
Now in CF: Kyle Isbel
Batting: LHB Masataka Yoshida 0-0: Called Strike
0-1: Foul Ball, location: 7LMF
0-2: Strikes out swinging
Batting: RHB Trevor Story 0-0: Called Strike
0-1: Foul Ball, location: 2F
0-2: Ball
1-2: Strikes out swinging
Batting: LHB Oscar Colas 0-0: Swinging Strike
0-1: Foul Ball, location: 2F
0-2: Strikes out looking
Top of the 9th over - 0 runs, 0 hits, 0 errors, 0 left on base; Baltimore 1 - Minnesota 2
Tuesday, October 3rd , 2023 - OOTP Baseball 24.9 Build 80